 Dungeon Crawl Stone Soup version 0.27.1-1-g398f81649c (webtiles) character file.

Game seed: 2423725340619320947

382 MisterFreud the Shield-Bearer (level 6, -10/53 HPs)
             Began as a Gnoll Fighter on Sept 6, 2021.
             Was a Follower of Vehumet.
             Splashed by Ijyb's acid (16 damage)
             ... on level 4 of the Dungeon.
             The game lasted 00:04:04 (4027 turns).

MisterFreud the Shield-Bearer (Gnoll Fighter)       Turns: 4027, Time: 00:04:05

Health: -10/53     AC:  7    Str: 16    XL:     6   Next: 76%
Magic:  9/9        EV:  8    Int:  9    God:    Vehumet [*.....]
Gold:   333        SH: 10    Dex: 11    Spells: 9/9 levels left

rFire    . . .     SeeInvis .   a - +1 rapier
rCold    . . .     Faith    .   c - +0 kite shield
rNeg     . . .     Spirit   .   b - +0 scale mail
rPois    .         Reflect  .   o - +0 helmet
rElec    .         Harm     .   j - +1 cloak {Stlth+}
rCorr    .         Rampage  .   (no gloves)
Will     .....     Rnd*Rage +   (no boots)
Stlth    +.........             i - amulet of magic regeneration
HPRegen  0.17/turn              (no ring)
MPRegen  0.36/turn              (no ring)

@: corroded, attractive
A: fangs 1, strong nose, distributed training, berserk 1
a: Renounce Religion


You were on level 4 of the Dungeon.
You worshipped Vehumet.
Vehumet was aware of your devotion.
You visited 1 branch of the dungeon, and saw 5 of its levels.

You collected 333 gold pieces.

Inventory:

Hand Weapons
 a - a +1 rapier (weapon)
Missiles
 l - 7 atropa-tipped darts (quivered)
Armour
 b - a +0 scale mail (worn)
 c - a +0 kite shield (worn)
 j - a +1 cloak of stealth (worn)
 o - a +0 helmet (worn)
Jewellery
 i - an amulet of magic regeneration (around neck)
Scrolls
 f - 2 scrolls of identify {unknown}
 g - a scroll of brand weapon {unknown}
Potions
 d - 2 potions of might
 h - a potion of mutation
 m - a potion of flight {unknown}


   Skills:
 + Level 6.9 Fighting
 + Level 5.0 Short Blades
 + Level 2.1 Long Blades
 + Level 2.1 Axes
 + Level 2.1 Maces & Flails
 + Level 2.1 Polearms
 + Level 2.1 Staves
 + Level 2.1 Slings
 + Level 2.1 Bows
 + Level 2.1 Crossbows
 + Level 2.1 Throwing
 + Level 6.9 Armour
 + Level 2.1 Dodging
 + Level 2.1 Stealth
 + Level 6.9 Shields
 + Level 2.1 Unarmed Combat
 + Level 2.1 Spellcasting
 + Level 1.6 Conjurations
 + Level 1.6 Hexes
 + Level 1.6 Summonings
 + Level 1.6 Necromancy
 + Level 1.6 Translocations
 + Level 1.6 Transmutations
 + Level 1.6 Fire Magic
 + Level 1.6 Ice Magic
 + Level 1.6 Air Magic
 + Level 1.6 Earth Magic
 + Level 1.6 Poison Magic
 + Level 2.3 Invocations
 + Level 2.1 Evocations


You had 9 spell levels left.
You didn't know any spells.
Your spell library contained the following spells:

 Spells                   Type           Power      Damage    Failure   Level
 Freeze                   Ice            12%        1d4       83%         1
 Tukima's Dance           Hex            3%         N/A       99%         3
 Passage of Golubria      Tloc           N/A        N/A       100%        4
 Yara's Violent Unravell  Hex/Tmut       1%         3d3       100%        5


Dungeon Overview and Level Annotations

Branches:
Dungeon (5/15)
 Temple: D:4-7

Altars:
Vehumet
Zin

Annotations:
D:4 Ijyb


Innate Abilities, Weirdness & Mutations

You have very sharp teeth.
Your uncanny sense of smell can sniff out nearby items.
Your experience applies equally to all skills.
You tend to lose your temper in combat.


Message History

You see here a +0 club.
Items here: )) [[.
Done exploring.
Done exploring.
Done exploring.
There is a stone staircase leading down here.
You climb downwards.
Ijyb shouts!
There is a stone staircase leading up here.
Ijyb is nearby!
Press: ? - help, v - describe, . - travel
Here: Ijyb, wielding a +0 club, wearing a +0 ring mail and carrying a wand of acid (7)
The floor.
Unknown command.
Unknown command.
You aren't carrying any items that you can evoke.
Unknown command.
You hit Ijyb.
Ijyb is moderately wounded.
Ijyb zaps a wand.
The bolt of acid hits you. The acid corrodes you!
You are splashed with acid!
You hit Ijyb.
Ijyb is moderately wounded.
Ijyb hits you with a +0 club.
There is a stone staircase leading up here.
Ijyb zaps a wand.
The bolt of acid hits you!!
You are splashed with acid!
* * * LOW HITPOINT WARNING * * *
You climb upwards.
There is a stone staircase leading down here.
It was a potion of mutation.
You feel extremely strange.
You feel a little pissed off. You block Ijyb's attack.
It was a potion of attraction.
You feel attractive to monsters. You block Ijyb's attack.
It was a potion of heal wounds.
You feel much better.
Ijyb zaps a wand.
The bolt of acid hits you!!
* * * LOW HITPOINT WARNING * * *
You are splashed with acid!
You die...

#......######........### #..
#......# #........# ### #......#
#############
####.#.###...########
#.#.#............#
########.#.#.#...###....########
#........#.#...................#
#.########.#########....#.......
#.# ####....g@........#.####.#
#.# #......######.....#.#....#
#.# #......# #.....#.#.#..# #.#
#..(...# #.....#.#.#..#
#.#####......# #.....#.#.#..#
#............# #.....#.#....#
#######......# #..####.#.#...
#######'#######..# #.#.####
#................# #.#.#


You could see Ijyb.

Vanquished Creatures
  Edmund (D:4)
  Crazy Yiuf (D:2)
  An orc priest (D:4)
  Jessica (D:3)
  Natasha (thrice) (D:2)
  An iguana (D:3)
  2 adders
  4 worms
  3 orcs
  4 bats
  4 endoplasms
  A giant cockroach (D:1)
  2 hobgoblins
  8 jackals
  A quokka (D:2)
  5 ball pythons
  4 frilled lizards
  2 goblins
  3 kobolds
  8 rats
59 creatures vanquished.

Vanquished Creatures (others)
  A fungus (D:2)
  3 plants (D:2)
4 creatures vanquished.

Grand Total: 63 creatures vanquished

Notes
Turn   | Place    | Note
-------+----------+-------------------------------------------
     0 | D:1      | MisterFreud the Gnoll Fighter began the quest for the Orb.
     0 | D:1      | Reached XP level 1. HP: 23/23 MP: 1/1
   345 | D:1      | Reached XP level 2. HP: 28/29 MP: 2/2
   961 | D:2      | Noticed Natasha
   968 | D:2      | Noticed a crimson imp
   969 | D:2      | Killed Natasha
   970 | D:2      | Reached skill level 1 in Invocations
   970 | D:2      | Reached XP level 3. HP: 20/35 MP: 2/4
  1187 | D:2      | Reached skill level 1 in Long Blades
  1187 | D:2      | Reached skill level 1 in Axes
  1187 | D:2      | Reached skill level 1 in Maces & Flails
  1187 | D:2      | Reached skill level 1 in Polearms
  1187 | D:2      | Reached skill level 1 in Staves
  1187 | D:2      | Reached skill level 1 in Slings
  1187 | D:2      | Reached skill level 1 in Bows
  1187 | D:2      | Reached skill level 1 in Crossbows
  1187 | D:2      | Reached skill level 1 in Throwing
  1187 | D:2      | Reached skill level 1 in Dodging
  1187 | D:2      | Reached skill level 1 in Stealth
  1187 | D:2      | Reached skill level 1 in Unarmed Combat
  1187 | D:2      | Reached skill level 1 in Spellcasting
  1187 | D:2      | Reached skill level 1 in Evocations
  1294 | D:2      | Found a runed translucent door.
  1295 | D:2      | Noticed Crazy Yiuf
  1367 | D:2      | Reached XP level 4. HP: 41/41 MP: 5/5
  1426 | D:2      | Found a faded altar of an unknown god.
  1447 | D:2      | Became a worshipper of Vehumet
  1447 | D:2      | Reached * piety under Vehumet
  1447 | D:2      | Offered knowledge of Freeze by Vehumet.
  1633 | D:2      | Noticed Natasha
  1642 | D:2      | Killed Natasha
  1643 | D:2      | Reached skill level 1 in Conjurations
  1643 | D:2      | Reached skill level 1 in Hexes
  1643 | D:2      | Reached skill level 1 in Summonings
  1643 | D:2      | Reached skill level 1 in Necromancy
  1643 | D:2      | Reached skill level 1 in Translocations
  1643 | D:2      | Reached skill level 1 in Transmutations
  1643 | D:2      | Reached skill level 1 in Fire Magic
  1643 | D:2      | Reached skill level 1 in Ice Magic
  1643 | D:2      | Reached skill level 1 in Air Magic
  1643 | D:2      | Reached skill level 1 in Earth Magic
  1643 | D:2      | Reached skill level 1 in Poison Magic
  1883 | D:2      | Killed Crazy Yiuf
  1884 | D:2      | Reached XP level 5. HP: 41/47 MP: 5/7
  1936 | D:2      | Noticed Natasha
  1949 | D:2      | Killed Natasha
  2196 | D:3      | Noticed Jessica
  2204 | D:3      | Killed Jessica
  2779 | D:4      | Found a glowing silver altar of Zin.
  2779 | D:4      | Noticed an angel
  2905 | D:4      | Noticed Edmund
  2931 | D:4      | Killed Edmund
  2932 | D:4      | Reached skill level 5 in Short Blades
  2932 | D:4      | Reached XP level 6. HP: 17/53 MP: 7/9
  4016 | D:5      | Entered Level 5 of the Dungeon
  4016 | D:5      | Noticed Ijyb
  4025 | D:4      | Gained mutation: You tend to lose your temper in combat.
                  | [potion of mutation]
  4027 | D:4      | Splashed by Ijyb's acid

Illustrated notes

Levels and vault maps discovered:
D:1:      dpeg_arrival_simpleton_a, layout_loops_ring, minmay_domino_4
D:2:      layout_loops_ring, dreamdust_ecumenical_altar_grove,
          uniq_crazy_yiuf_cottage, uniq_natasha
D:3:      layout_basic, uniq_jessica
D:4:      layout_basic, zin_angel, uniq_edmund
D:5:      layout_basic, uniq_ijyb

Skill      XL: |  1  2  3  4  5 |
---------------+----------------+-----
Invocations    | 1 2 |  2.3
Long Blades    | 1 2 |  2.1
Axes           | 1 2 |  2.1
Maces & Flails | 1 2 |  2.1
Polearms       | 1 2 |  2.1
Staves         | 1 2 |  2.1
Slings         | 1 2 |  2.1
Bows           | 1 2 |  2.1
Crossbows      | 1 2 |  2.1
Throwing       | 1 2 |  2.1
Dodging        | 1 2 |  2.1
Stealth        | 1 2 |  2.1
Unarmed Combat | 1 2 |  2.1
Spellcasting   | 1 2 |  2.1
Evocations     | 1 2 |  2.1
Conjurations   | 1 |  1.6
Hexes          | 1 |  1.6
Summonings     | 1 |  1.6
Necromancy     | 1 |  1.6
Translocations | 1 |  1.6
Transmutations | 1 |  1.6
Fire Magic     | 1 |  1.6
Ice Magic      | 1 |  1.6
Air Magic      | 1 |  1.6
Earth Magic    | 1 |  1.6
Poison Magic   | 1 |  1.6
Short Blades   | 5 |  5.0
Fighting       | |  6.9
Armour         | |  6.9
Shields        | |  6.9

Action                   |  1- 3 |  4- 6 || total
-------------------------+-------+-------++-------
Melee: Rapier            |   106 |   148 ||   254
       Bite              |     7 |     9 ||    16
  Use: Scroll            |       |     4 ||     4
       Potion            |       |     3 ||     3
Armor: Scale mail        |    55 |    38 ||    93
Dodge: Dodged            |    35 |    32 ||    67
Block: Kite shield       |    56 |    69 ||   125
